[Event "FIDE WYCC Girls U14 2023"]
[Site "Montesilvano"]
[Date "2023.11.20"]
[Round "7.35"]
[White "Viti, Greta"]
[Black "Petergova, Stella"]
[Result "0-1"]
[ECO "B31"]
[WhiteElo "1644"]
[BlackElo "1191"]
[Annotator "NA COMBH"]
[PlyCount "188"]
[EventDate "2023.11.13"]
[EventType "swiss"]
[EventCountry "ITA"]
[SourceTitle "playchess.com"]
[Source "ChessBase"]
[SourceQuality "1"]
[TimeControl "40/5400+30:1800+30"]

1. e4 c5 2. Nf3 Nc6 3. Bb5 g6 4. Bxc6 dxc6 5. d3 Bg7 6. O-O e5 7. Be3 Qe7 8. Nbd2 Nf6 9. Nc4 Nd7 10. Qd2 b6 11. Bh6 O-O 12. Bxg7 Kxg7 13. Qc3 f6 14. Nfd2 Rf7 15. f4 exf4 16. Rxf4 Ba6 17. Raf1 Bxc4 18. Nxc4 Raf8 19. Qe1 Ne5 20. Ne3 Qe6 21. b3 Qd7 22. Qg3 Qe6 23. h4 h5 24. Qe1 Kh7 25. Qe2 Kh6 26. Qd2 g5 27. hxg5+ fxg5 28. Rxf7 Rxf7 29. Nf5+ Kg6 30. Qc3 Ng4 31. Qh8 Rh7 32. Qf8 Nf6 33. Qd6 Qxd6 34. Nxd6 Ng4 35. Rf3 h4 36. Nf5 Ne5 37. Rf2 Ng4 38. Re2 Rf7 39. Kf1 Nh6 40. Kg1 Nxf5 41. exf5+ Kxf5 42. Re8 Kg4 43. Re6 Kg3 44. Re3+ Kg4 45. Re6 h3 46. Re4+ Rf4 47. gxh3+ Kxh3 48. Re3+ Kg4 49. Re7 Kg3 50. Re3+ Rf3 51. Re2 g4 52. Rg2+ Kh3 53. Rh2+ Kg3 54. Re2 Kf4 55. Re4+ Kg3 56. Re2 a5 57. Re6 Rf2 58. Re3+ Rf3 59. Re4 Kh3 60. Re2 g3 61. Re8 Rf2 62. Rh8+ Kg4 63. Rg8+ Kf3 64. Rf8+ Ke3 65. Rg8 Rxc2 66. Rxg3+ Kd4 67. a4 Rb2 68. Kf1 Rxb3 69. Ke2 Rb2+ 70. Kd1 Ra2 71. Kc1 Kc3 72. d4+ Kxd4 73. Kb1 Re2 74. Rb3 Kd5 75. Rxb6 Re4 76. Kc2 Rb4 77. Ra6 Rxa4 78. Ra8 c4 79. Kb2 Kc5 80. Rh8 Rb4+ 81. Kc3 Rb3+ 82. Kc2 a4 83. Ra8 a3 84. Ra7 Rf3 85. Kb1 Kb4 86. Rb7+ Kc3 87. Ka2 Kc2 88. Rb2+ Kc1 89. Rh2 Rd3 90. Rh4 c3 91. Rb4 c2 92. Rf4 Kd2 93. Re4 c1=Q 94. Re2+ Kc3 0-1

[Event "FIDE WYCC Girls U14 2023"]
[Site "Montesilvano"]
[Date "2023.11.21"]
[Round "8.1"]
[White "Shukhman, Anna"]
[Black "Nurgaliyeva, Zarina"]
[Result "1-0"]
[ECO "C45"]
[WhiteElo "2263"]
[BlackElo "2104"]
[Annotator "RC"]
[PlyCount "75"]
[EventDate "2023.11.13"]
[EventType "swiss"]
[EventCountry "ITA"]
[SourceTitle "playchess.com"]
[Source "ChessBase"]
[SourceQuality "1"]
[TimeControl "40/5400+30:1800+30"]

1. e4 e5 2. Nf3 Nc6 3. d4 exd4 4. Nxd4 Bc5 5. Be3 Qf6 6. c3 Nge7 7. Bb5 O-O 8. O-O Bb6 9. a4 Nxd4 10. cxd4 c6 11. a5 Bc7 12. Bd3 d5 13. Nc3 dxe4 14. Nxe4 Qg6 15. Bg5 Nf5 16. Ra4 Be6 17. h4 f6 18. h5 Qf7 19. Nc5 Bd5 20. Bd2 Nd6 21. Bf4 Rad8 22. Ra1 f5 23. Re1 Qf6 24. Nxb7 Nxb7 25. Bxc7 Qg5 26. Bf1 Rd7 27. Be5 f4 28. f3 Qxh5 29. Qc1 Qh4 30. Bc4 Nd8 31. Bxd5+ cxd5 32. Qc8 Re7 33. Qc5 Rd7 34. Bd6 Nb7 35. Qxd5+ Kh8 36. Qf5 Rfd8 37. Qxd7 Nxd6 38. Qxd6 1-0

[Event "FIDE WYCC Girls U14 2023"]
[Site "Montesilvano"]
[Date "2023.11.21"]
[Round "8.2"]
[White "Mgeladze, Kesaria"]
[Black "Piddubna, Bozhena"]
[Result "1-0"]
[ECO "C27"]
[WhiteElo "2065"]
[BlackElo "2081"]
[Annotator "NA RC"]
[PlyCount "111"]
[EventDate "2023.11.13"]
[EventType "swiss"]
[EventCountry "ITA"]
[SourceTitle "playchess.com"]
[Source "ChessBase"]
[SourceQuality "1"]
[TimeControl "40/5400+30:1800+30"]

1. e4 e5 2. Nc3 Nf6 3. Bc4 Nxe4 4. Qh5 Nd6 5. Qxe5+ Qe7 6. Qxe7+ Bxe7 7. Be2 O-O 8. Nf3 b6 9. d4 Bb7 10. Bf4 Ne4 11. Nxe4 Bxe4 12. O-O-O Nc6 13. Rhe1 Nb4 14. Bb5 f5 15. c3 Nxa2+ 16. Kd2 Nb4 17. cxb4 Bxb4+ 18. Ke2 c6 19. Bc4+ d5 20. Ba2 Bxf3+ 21. Kxf3 Bxe1 22. Rxe1 Rfe8 23. Rc1 Rac8 24. b4 a6 25. Rc3 Kf7 26. Ra3 Ke6 27. Bb1 Ra8 28. Re3+ Kf7 29. Rc3 Re6 30. Bxf5 Rf6 31. Kg4 Re8 32. Be5 h5+ 33. Kg5 Rh6 34. Bd7 Rg6+ 35. Kh4 Rxe5 36. dxe5 Rxg2 37. Rf3+ Ke7 38. Kh3 Rg6 39. e6 d4 40. Rf7+ Kd6 41. Bc8 Rxe6 42. Bxe6 Kxe6 43. Rxg7 c5 44. bxc5 bxc5 45. Kg3 Kd5 46. Kf3 Kc4 47. Ke2 Kc3 48. f4 c4 49. Kd1 a5 50. f5 a4 51. f6 a3 52. Ra7 Kb2 53. f7 c3 54. Rb7+ Ka1 55. f8=Q a2 56. Qa3 1-0

[Event "FIDE WYCC Girls U14 2023"]
[Site "Montesilvano"]
[Date "2023.11.21"]
[Round "8.3"]
[White "Dicen, Elis Denele"]
[Black "Khulan, Bayarsaikhan"]
[Result "0-1"]
[ECO "A57"]
[WhiteElo "1976"]
[BlackElo "1615"]
[Annotator "NA RC"]
[PlyCount "84"]
[EventDate "2023.11.13"]
[EventType "swiss"]
[EventCountry "ITA"]
[SourceTitle "playchess.com"]
[Source "ChessBase"]
[SourceQuality "1"]
[TimeControl "40/5400+30:1800+30"]

1. d4 Nf6 2. c4 c5 3. d5 b5 4. cxb5 e6 5. Nc3 exd5 6. Nxd5 Bb7 7. e4 d6 8. Bc4 Nbd7 9. Nf3 Be7 10. O-O O-O 11. Bf4 Nxe4 12. Re1 Ndf6 13. Qd3 Bxd5 14. Bxd5 Nxd5 15. Qxd5 Nf6 16. Qd3 d5 17. Rad1 h6 18. Be5 Rc8 19. b3 d4 20. Bxf6 Bxf6 21. Nd2 Qd5 22. Ne4 Be5 23. Rc1 Bf4 24. Qf3 Qe5 25. Ng3 Qb8 26. Rc4 Bxg3 27. hxg3 Qxb5 28. Rec1 Rfd8 29. Qd3 Rc6 30. a4 Qa6 31. Qf3 d3 32. Rd1 d2 33. Qc3 Rcd6 34. Rg4 g6 35. Rc4 Rd3 36. Qc2 Qe6 37. b4 Qe1+ 38. Kh2 Qxf2 39. bxc5 Qxg3+ 40. Kg1 Re8 41. Rf1 Re2 42. Qxd3 Qxg2# 0-1

[Event "FIDE WYCC Girls U14 2023"]
[Site "Montesilvano"]
[Date "2023.11.21"]
[Round "8.4"]
[White "Gaszka, Zuzanna"]
[Black "Jiang, Tianyu"]
[Result "1/2-1/2"]
[ECO "B24"]
[WhiteElo "1758"]
[BlackElo "1917"]
[Annotator "NA RC"]
[PlyCount "81"]
[EventDate "2023.11.13"]
[EventType "swiss"]
[EventCountry "ITA"]
[SourceTitle "playchess.com"]
[Source "ChessBase"]
[SourceQuality "1"]
[TimeControl "40/5400+30:1800+30"]

1. e4 c5 2. Nc3 Nc6 3. Bb5 Nd4 4. Nf3 e6 5. O-O a6 6. Bd3 Nc6 7. Be2 Qc7 8. d4 cxd4 9. Nxd4 Nf6 10. Be3 Be7 11. Kh1 O-O 12. f4 d6 13. Qe1 Nxd4 14. Bxd4 b5 15. Bd3 Bb7 16. Qg3 b4 17. Nd1 g6 18. Qe1 e5 19. fxe5 dxe5 20. Be3 Nxe4 21. Bh6 f5 22. Bxf8 Bxf8 23. Ne3 Nf6 24. Qh4 Qg7 25. Rad1 Kh8 26. Qh3 f4 27. Nc4 Re8 28. Be2 Qc7 29. b3 Bc8 30. Qh4 Ne4 31. Bd3 Be7 32. Qe1 Nc3 33. Qxe5+ Qxe5 34. Nxe5 Nxd1 35. Rxd1 Bf6 36. Nf7+ Kg7 37. Nd6 Rd8 38. Nxc8 Rxc8 39. Kg1 Bh4 40. Kf1 a5 41. Rd2 1/2-1/2

[Event "FIDE WYCC Girls U14 2023"]
[Site "Montesilvano"]
[Date "2023.11.21"]
[Round "8.5"]
[White "Goriachkina, Oksana"]
[Black "Sezdbekova, Aizhan"]
[Result "1-0"]
[ECO "E15"]
[WhiteElo "1915"]
[BlackElo "1594"]
[Annotator "NA RC"]
[PlyCount "57"]
[EventDate "2023.11.13"]
[EventType "swiss"]
[EventCountry "ITA"]
[SourceTitle "playchess.com"]
[Source "ChessBase"]
[SourceQuality "1"]
[TimeControl "40/5400+30:1800+30"]

1. d4 Nf6 2. c4 e6 3. Nf3 b6 4. g3 Ba6 5. Qb3 Bb7 6. Nc3 Be7 7. Bg2 O-O 8. O-O Na6 9. h4 c5 10. d5 exd5 11. cxd5 Rc8 12. e4 c4 13. Qd1 Ne8 14. Bf4 Bc5 15. Bh3 h6 16. Ne5 Nf6 17. h5 Re8 18. Bf5 Bf8 19. Ng4 Nc5 20. e5 Nxg4 21. Qxg4 Kh8 22. Rad1 Ra8 23. Rfe1 Qc8 24. Bc2 Ba6 25. Qf5 Nd3 26. Bxd3 cxd3 27. Ne4 Qc2 28. Bxh6 gxh6 29. Nf6 1-0

[Event "FIDE WYCC Girls U14 2023"]
[Site "Montesilvano"]
[Date "2023.11.21"]
[Round "8.6"]
[White "Mkrtchyan, Anahit H."]
[Black "Tsetskhladze, Mariam"]
[Result "0-1"]
[ECO "B24"]
[WhiteElo "1630"]
[BlackElo "1911"]
[Annotator "NA RC"]
[PlyCount "102"]
[EventDate "2023.11.13"]
[EventType "swiss"]
[EventCountry "ITA"]
[SourceTitle "playchess.com"]
[Source "ChessBase"]
[SourceQuality "1"]
[TimeControl "40/5400+30:1800+30"]

1. e4 c5 2. Nc3 Nc6 3. Bb5 Nd4 4. Bc4 e6 5. Nge2 Nf6 6. O-O a6 7. a4 d5 8. exd5 exd5 9. Ba2 Bg4 10. d3 Bd6 11. h3 Nxe2+ 12. Nxe2 Be6 13. f4 d4 14. Bxe6 fxe6 15. c3 O-O 16. Qb3 Qd7 17. cxd4 cxd4 18. Bd2 Nd5 19. Kh1 Bc5 20. a5 Kh8 21. Rfc1 Rac8 22. Rc4 Ne7 23. Rac1 Ba7 24. Bb4 Rxc4 25. Rxc4 Rd8 26. Bc5 Bxc5 27. Rxc5 Nc6 28. Qb6 h6 29. b4 Re8 30. b5 Ne7 31. bxa6 bxa6 32. Qxa6 Nd5 33. Qc4 Rf8 34. Qxd4 Qb7 35. Qe4 Qb8 36. Qxe6 Nxf4 37. Nxf4 Qxf4 38. Qe4 Qd2 39. a6 Qa2 40. Qb7 Qa1+ 41. Kh2 Qd4 42. Qc7 Rf1 43. Rf5 Qg1+ 44. Kg3 Qe3+ 45. Kh4 Qe1+ 46. Kg4 Qe6 47. Qb8+ Kh7 48. a7 Qg6+ 49. Kh4 Rxf5 50. g4 Qg5+ 51. Kg3 Qe3+ 0-1

[Event "FIDE WYCC Girls U14 2023"]
[Site "Montesilvano"]
[Date "2023.11.21"]
[Round "8.7"]
[White "Natoli, Alessia"]
[Black "Ciarletta, Iris"]
[Result "0-1"]
[ECO "B50"]
[WhiteElo "1756"]
[BlackElo "1882"]
[Annotator "NA RC"]
[PlyCount "94"]
[EventDate "2023.11.13"]
[EventType "swiss"]
[EventCountry "ITA"]
[SourceTitle "playchess.com"]
[Source "ChessBase"]
[SourceQuality "1"]
[TimeControl "40/5400+30:1800+30"]

1. e4 c5 2. Nf3 d6 3. c3 Nf6 4. Be2 Nc6 5. d4 cxd4 6. cxd4 Bg4 7. Nc3 g6 8. d5 Bxf3 9. gxf3 Ne5 10. f4 Ned7 11. Qa4 Qb8 12. Be3 Bg7 13. Bd4 O-O 14. Bb5 Qc7 15. Bxd7 Qxd7 16. Qxd7 Nxd7 17. Bxg7 Kxg7 18. f3 a6 19. Ke2 Rac8 20. Rac1 Rc7 21. h4 Nf6 22. Ke3 Rfc8 23. Rcg1 Nh5 24. Rg2 b5 25. Rhh2 Rxc3+ 26. bxc3 Rxc3+ 27. Kd2 Ra3 28. Kd1 Nxf4 29. Rf2 h5 30. Kd2 Kf6 31. Kc2 Rxa2+ 32. Kc3 Ra3+ 33. Kb4 Ra4+ 34. Kc3 a5 35. Ra2 Rc4+ 36. Kd2 a4 37. Ke3 Ke5 38. Rhc2 Rc5 39. Rxc5 dxc5 40. Rc2 a3 41. Rxc5 a2 42. d6+ Kxd6 43. Rc1 b4 44. Rd1+ Ke5 45. Kd2 Ng2 46. Rg1 Nxh4 47. Kc2 Nxf3 0-1

[Event "FIDE WYCC Girls U14 2023"]
[Site "Montesilvano"]
[Date "2023.11.21"]
[Round "8.8"]
[White "Orazalina, Nursulu"]
[Black "Sneha Halder"]
[Result "1-0"]
[ECO "C48"]
[WhiteElo "1428"]
[BlackElo "1807"]
[Annotator "NA RC"]
[PlyCount "151"]
[EventDate "2023.11.13"]
[EventType "swiss"]
[EventCountry "ITA"]
[SourceTitle "playchess.com"]
[Source "ChessBase"]
[SourceQuality "1"]
[TimeControl "40/5400+30:1800+30"]

1. e4 e5 2. Nf3 Nf6 3. Nc3 Nc6 4. Bb5 d6 5. d4 exd4 6. Nxd4 Bd7 7. Bxc6 bxc6 8. Qf3 c5 9. Nf5 g6 10. Bg5 gxf5 11. e5 dxe5 12. Bxf6 Qxf6 13. Qxa8+ Qd8 14. Qxd8+ Kxd8 15. O-O-O Bd6 16. Nd5 Bc6 17. Ne3 f4 18. Nc4 Ke7 19. f3 Bb5 20. Nxd6 cxd6 21. Rd2 f5 22. g3 Bc6 23. Rf2 Rg8 24. gxf4 exf4 25. Re1+ Kd7 26. c4 Rg6 27. Rd1 h5 28. Rd3 a6 29. Ra3 Bb7 30. Rb3 Kc7 31. Re2 Rg7 32. Re6 Bc8 33. Re2 h4 34. Rd3 h3 35. Kd2 Bd7 36. Kc3 Rg1 37. Re7 Rh1 38. Re2 Rf1 39. Kd2 Rh1 40. Rf2 Bc6 41. Ke2 Rc1 42. b3 Rc2+ 43. Ke1 Rc1+ 44. Kd2 Ra1 45. Kc3 Re1 46. Kb2 Re3 47. Kc2 Re1 48. Rd1 Re3 49. Kd2 Kd7 50. Re1 Rxf3 51. Rxf3 Bxf3 52. Rf1 Bg4 53. Rxf4 Ke6 54. Ke3 Ke5 55. Rf2 a5 56. Rd2 f4+ 57. Kf2 Bf5 58. Rd5+ Ke6 59. Kf3 Bb1 60. Rd2 Ke5 61. Rd5+ Ke6 62. Kxf4 Bxa2 63. Rd3 a4 64. bxa4 Bxc4 65. Rxh3 d5 66. Rh6+ Kd7 67. a5 d4 68. Ke4 Bf1 69. Kd5 d3 70. Kxc5 Kc7 71. Rd6 Be2 72. h4 Kb7 73. Rd5 Ka6 74. Kd6 Kb7 75. h5 d2 76. h6 1-0

[Event "FIDE WYCC Girls U14 2023"]
[Site "Montesilvano"]
[Date "2023.11.21"]
[Round "8.9"]
[White "Diasamidze, Lulu"]
[Black "Lyutsinger, Iren"]
[Result "0-1"]
[ECO "B90"]
[WhiteElo "1676"]
[BlackElo "2020"]
[Annotator "NA RC"]
[PlyCount "70"]
[EventDate "2023.11.13"]
[EventType "swiss"]
[EventCountry "ITA"]
[SourceTitle "playchess.com"]
[Source "ChessBase"]
[SourceQuality "1"]
[TimeControl "40/5400+30:1800+30"]

1. e4 c5 2. Nf3 d6 3. d4 cxd4 4. Nxd4 Nf6 5. Nc3 a6 6. h3 e5 7. Nb3 Be6 8. f4 Qc7 9. Be2 Be7 10. O-O O-O 11. f5 Bc4 12. Be3 b5 13. Bxc4 bxc4 14. Nd2 Qc6 15. Qe2 Rc8 16. Kh2 Nbd7 17. Rac1 d5 18. exd5 Nxd5 19. Nxd5 Qxd5 20. Rfd1 e4 21. Bf4 Nf6 22. g4 Bd6 23. Bxd6 Qxd6+ 24. Kh1 c3 25. Nf1 cxb2 26. Rb1 Qa3 27. Ne3 Rc3 28. Re1 Nd7 29. Qd2 Nb6 30. Kg2 Rac8 31. f6 Nc4 32. Nxc4 R3xc4 33. c3 Rxc3 34. Rxb2 Rg3+ 35. Kf1 Qf3+ 0-1

[Event "FIDE WYCC Girls U14 2023"]
[Site "Montesilvano"]
[Date "2023.11.21"]
[Round "8.10"]
[White "Zagorac, Lara"]
[Black "Suyamin, Bonjoure Fille"]
[Result "0-1"]
[ECO "A48"]
[WhiteElo "1866"]
[BlackElo "1570"]
[Annotator "NA RC"]
[PlyCount "140"]
[EventDate "2023.11.13"]
[EventType "swiss"]
[EventCountry "ITA"]
[SourceTitle "playchess.com"]
[Source "ChessBase"]
[SourceQuality "1"]
[TimeControl "40/5400+30:1800+30"]

1. d4 Nf6 2. Nf3 g6 3. c4 Bg7 4. g3 O-O 5. Bg2 d6 6. O-O Nbd7 7. Nc3 Re8 8. e4 e5 9. h3 exd4 10. Nxd4 Ne5 11. b3 Bd7 12. Be3 a5 13. Qc2 Nc6 14. Rad1 Qc8 15. g4 Nxd4 16. Bxd4 h5 17. f3 Be6 18. Nd5 Nxd5 19. cxd5 Bd7 20. Bxg7 Kxg7 21. Qc3+ Kg8 22. Rc1 c5 23. Qf6 Bb5 24. gxh5 Qd8 25. Qxd8 Rexd8 26. Rfd1 gxh5 27. f4 a4 28. Rd2 axb3 29. axb3 Ra3 30. e5 Rxb3 31. exd6 b6 32. d7 Bxd7 33. d6 Rb4 34. Rd5 Rxf4 35. Rg5+ Kh7 36. Rd1 Kh6 37. Re5 Be6 38. d7 Rd4 39. Rxd4 cxd4 40. Bc6 Bxd7 41. Rd5 Rg8+ 42. Kf2 Bxc6 43. Rxd4 b5 44. Rf4 Bd5 45. Rf5 Bc4 46. Rc5 Re8 47. Kf3 Kg6 48. Kf4 Re6 49. Rg5+ Kh6 50. Rc5 Be2 51. Rc7 Kg6 52. Rb7 f5 53. Rb8 Re4+ 54. Kg3 f4+ 55. Kh4 f3+ 56. Kg3 h4+ 57. Kf2 b4 58. Rb7 Kf6 59. Rb8 Ke6 60. Re8+ Kd5 61. Rb8 Kc4 62. Rc8+ Kb3 63. Rb8 Kc2 64. Rc8+ Rc4 65. Rb8 b3 66. Ke3 b2 67. Rxb2+ Kxb2 68. Kf2 Rf4 69. Kg1 f2+ 70. Kh2 Bd3 0-1

[Event "FIDE WYCC Girls U14 2023"]
[Site "Montesilvano"]
[Date "2023.11.21"]
[Round "8.11"]
[White "Mueller, Riyanna"]
[Black "Agamyradova, Mahri"]
[Result "0-1"]
[ECO "C02"]
[WhiteElo "1754"]
[BlackElo "1652"]
[Annotator "NA RC"]
[PlyCount "98"]
[EventDate "2023.11.13"]
[EventType "swiss"]
[EventCountry "ITA"]
[SourceTitle "playchess.com"]
[Source "ChessBase"]
[SourceQuality "1"]
[TimeControl "40/5400+30:1800+30"]

1. e4 e6 2. d4 d5 3. e5 c5 4. c3 Qb6 5. Nf3 Nc6 6. a3 a5 7. Bd3 Bd7 8. Bc2 Qa6 9. Nbd2 Rc8 10. dxc5 Bxc5 11. Nb3 Bb6 12. Bd3 Qa7 13. O-O a4 14. Nbd2 Nge7 15. Qe2 h6 16. Re1 O-O 17. Nf1 Na5 18. Ng3 Nb3 19. Rb1 Nxc1 20. Rbxc1 f6 21. Rf1 f5 22. Nh5 Ng6 23. Bb5 Bc6 24. Rcd1 Qa5 25. Bxc6 bxc6 26. Nd4 Bxd4 27. cxd4 c5 28. Rd3 Qb5 29. Qd1 cxd4 30. Rg3 Kh7 31. Qxd4 Rf7 32. Re1 Rc2 33. h3 Rxb2 34. Rc3 Re2 35. Rec1 Re4 36. Qd2 Rc4 37. Rxc4 dxc4 38. Nf4 Nxf4 39. Qxf4 Rc7 40. g4 g6 41. gxf5 gxf5 42. Kh2 c3 43. Qg3 c2 44. Rg1 Qe8 45. Qf4 Qd7 46. Rc1 Qd5 47. Qe3 Rg7 48. f3 Qd1 49. f4 Rd7 0-1

[Event "FIDE WYCC Girls U14 2023"]
[Site "Montesilvano"]
[Date "2023.11.21"]
[Round "8.12"]
[White "Sachi Jain"]
[Black "Mohd Afif, Ainul Mardhiah"]
[Result "1-0"]
[ECO "C00"]
[WhiteElo "1743"]
[BlackElo "1478"]
[Annotator "NA RC"]
[PlyCount "111"]
[EventDate "2023.11.13"]
[EventType "swiss"]
[EventCountry "ITA"]
[SourceTitle "playchess.com"]
[Source "ChessBase"]
[SourceQuality "1"]
[TimeControl "40/5400+30:1800+30"]

1. e4 e6 2. d3 d5 3. Nd2 Nf6 4. Ngf3 Nc6 5. g3 dxe4 6. dxe4 Bc5 7. Bg2 e5 8. O-O O-O 9. c3 a5 10. Qc2 Qe7 11. Nc4 Rd8 12. Ne3 g6 13. h3 b6 14. Nd5 Nxd5 15. exd5 Na7 16. Re1 Bd6 17. Nxe5 Bxe5 18. Bf4 Bf5 19. Qb3 a4 20. Qxa4 f6 21. d6 cxd6 22. Bxa8 Rxa8 23. Bxe5 dxe5 24. Qb3+ Kg7 25. g4 Be6 26. Qxb6 Nc8 27. Qc6 Rb8 28. b4 Rb6 29. Qf3 Qc7 30. a4 Ne7 31. Red1 Ra6 32. Qd3 Rc6 33. Qd8 Qb7 34. Rd6 Nc8 35. Rxc6 Qxc6 36. g5 fxg5 37. Qxg5 Qxc3 38. Rc1 Qxh3 39. Rc7+ Bd7 40. Qxe5+ Kg8 41. Qd5+ Qe6 42. Rxd7 Qxd5 43. Rxd5 Nb6 44. Rd8+ Kf7 45. a5 Nc4 46. a6 Ke7 47. a7 Kxd8 48. a8=Q+ Kc7 49. Qa7+ Kc6 50. Qc5+ Kb7 51. Qxc4 h5 52. b5 g5 53. Qc6+ Kb8 54. b6 h4 55. Qc7+ Ka8 56. Qc8# 1-0

[Event "FIDE WYCC Girls U14 2023"]
[Site "Montesilvano"]
[Date "2023.11.21"]
[Round "8.13"]
[White "Sodgerelt Naranbold"]
[Black "Smietanska, Wiktoria"]
[Result "0-1"]
[ECO "B90"]
[WhiteElo "1419"]
[BlackElo "2009"]
[Annotator "NA RC"]
[PlyCount "100"]
[EventDate "2023.11.13"]
[EventType "swiss"]
[EventCountry "ITA"]
[SourceTitle "playchess.com"]
[Source "ChessBase"]
[SourceQuality "1"]
[TimeControl "40/5400+30:1800+30"]

1. e4 c5 2. Nf3 d6 3. d4 cxd4 4. Nxd4 Nf6 5. Nc3 a6 6. Be3 e5 7. Nf3 Be7 8. Bc4 Be6 9. Bb3 h6 10. Nh4 Ng4 11. Ng6 Nxe3 12. fxe3 Bxb3 13. Nxh8 Be6 14. O-O Nd7 15. Nd5 Nf6 16. Qd3 Kf8 17. Rad1 Bxd5 18. exd5 Kg8 19. Nxf7 Kxf7 20. Rf3 Kg8 21. Qf5 Qc8 22. Qg6 Qg4 23. Qxg4 Nxg4 24. b3 Bg5 25. Re1 e4 26. Rh3 Rc8 27. c4 b5 28. cxb5 axb5 29. a4 bxa4 30. bxa4 Rc4 31. Kf1 Rxa4 32. Rg3 Nf6 33. Rd1 Ra5 34. Rd4 Rxd5 35. Ke2 Kf7 36. Rxd5 Nxd5 37. Rg4 Bxe3 38. Rxe4 Nc3+ 39. Kxe3 Nxe4 40. Kxe4 Ke6 41. Kd4 d5 42. Kd3 Ke5 43. Ke3 d4+ 44. Kf3 Kd5 45. Ke2 Ke4 46. Kd2 d3 47. Ke1 Ke3 48. h4 h5 49. g3 g6 50. Kd1 d2 0-1

[Event "FIDE WYCC Girls U14 2023"]
[Site "Montesilvano"]
[Date "2023.11.21"]
[Round "8.14"]
[White "Negre, Emilie"]
[Black "Maral Altankhuyag"]
[Result "1-0"]
[ECO "B38"]
[WhiteElo "1871"]
[BlackElo "1398"]
[Annotator "NA RC"]
[PlyCount "99"]
[EventDate "2023.11.13"]
[EventType "swiss"]
[EventCountry "ITA"]
[SourceTitle "playchess.com"]
[Source "ChessBase"]
[SourceQuality "1"]
[TimeControl "40/5400+30:1800+30"]

1. c4 c5 2. Nf3 Nc6 3. d4 cxd4 4. Nxd4 g6 5. e4 Bg7 6. Be3 d6 7. Nc3 Nf6 8. Be2 O-O 9. O-O Bd7 10. f3 Rc8 11. Qd2 a6 12. Rfd1 Ne5 13. b3 Ne8 14. Rac1 Nc7 15. h3 f5 16. f4 Nc6 17. exf5 gxf5 18. Nf3 h6 19. Nd5 Qe8 20. Bb6 Ne6 21. Be3 Kh7 22. Bd3 Ned4 23. Nxd4 Nxd4 24. Kh1 Nc6 25. Re1 e5 26. Bb1 e4 27. Nb6 Rd8 28. Qxd6 Be6 29. Qc5 Rf6 30. Nd5 Bxd5 31. cxd5 Bf8 32. Qc3 Bg7 33. dxc6 Rxc6 34. Qb4 Rcd6 35. Qxb7 Qg6 36. Rg1 Qg3 37. Rc3 Rg6 38. Bd4 Qxf4 39. Bxg7 Rxg7 40. Qxa6 Rd2 41. Rc2 Rd6 42. Qf1 Qe5 43. Rf2 Rg5 44. Qe2 Rf6 45. Rgf1 Kg7 46. Bxe4 Re6 47. Bd3 Qf6 48. Qb2 Re5 49. Bxf5 Rgxf5 50. Rxf5 1-0

[Event "FIDE WYCC Girls U14 2023"]
[Site "Montesilvano"]
[Date "2023.11.21"]
[Round "8.15"]
[White "Jankovic, Tamara"]
[Black "Skramstad, Oda Kofoed"]
[Result "1-0"]
[ECO "C50"]
[WhiteElo "1711"]
[BlackElo "1801"]
[Annotator "NA RC"]
[PlyCount "75"]
[EventDate "2023.11.13"]
[EventType "swiss"]
[EventCountry "ITA"]
[SourceTitle "playchess.com"]
[Source "ChessBase"]
[SourceQuality "1"]
[TimeControl "40/5400+30:1800+30"]

1. e4 e5 2. Nf3 Nc6 3. Bc4 Nf6 4. d3 Bc5 5. c3 a6 6. O-O d6 7. h3 h6 8. Bb3 O-O 9. Re1 Ba7 10. Nbd2 Re8 11. Nf1 Ne7 12. Ng3 Ng6 13. d4 c6 14. Be3 exd4 15. Bxd4 c5 16. Bxf6 Qxf6 17. Nh5 Qe7 18. Qd2 b5 19. Bd5 Rb8 20. b3 Be6 21. Rad1 Rbd8 22. c4 Ne5 23. Qc3 Nxf3+ 24. Qxf3 bxc4 25. bxc4 Qg5 26. Re3 Bb6 27. Qe2 g6 28. Rg3 Qh4 29. Qf3 Kh8 30. Qc3+ f6 31. Nxf6 Re7 32. Bxe6 Rxe6 33. Ne8+ Re5 34. Nxd6 Qf6 35. Rf3 Rxd6 36. Rxf6 Rxd1+ 37. Kh2 Bc7 38. Rc6 1-0

[Event "FIDE WYCC Girls U14 2023"]
[Site "Montesilvano"]
[Date "2023.11.21"]
[Round "8.16"]
[White "Haapsal, Maria Ioanna"]
[Black "Li Chen, Helena Joana"]
[Result "1/2-1/2"]
[ECO "A80"]
[WhiteElo "1597"]
[BlackElo "1799"]
[Annotator "NA RC"]
[PlyCount "86"]
[EventDate "2023.11.13"]
[EventType "swiss"]
[EventCountry "ITA"]
[SourceTitle "playchess.com"]
[Source "ChessBase"]
[SourceQuality "1"]
[TimeControl "40/5400+30:1800+30"]

1. d4 f5 2. g4 fxg4 3. h3 g3 4. fxg3 d5 5. Nf3 Bf5 6. g4 Bg6 7. Bf4 e6 8. Nbd2 Nc6 9. e3 a6 10. a3 Bd6 11. Bh2 Bxh2 12. Rxh2 Qd6 13. c4 Qg3+ 14. Rf2 Nf6 15. Qe2 Ne4 16. Nxe4 dxe4 17. Ng5 Nxd4 18. exd4 e3 19. Nxe6 Bd3 20. Qxd3 Qxf2+ 21. Kd1 Ke7 22. Nxc7 Raf8 23. Nd5+ Kd8 24. Be2 Qg1+ 25. Kc2 Qxa1 26. Qxe3 Re8 27. Qg5+ Kc8 28. Nb6+ Kb8 29. Nd7+ Ka8 30. Bf3 Qg1 31. Bxb7+ Kxb7 32. Nc5+ Kb6 33. Na4+ Kc6 34. Qd5+ Kc7 35. Qc5+ Kd7 36. Nb6+ Ke6 37. Qe5+ Kf7 38. Qf5+ Kg8 39. Qd5+ Kf8 40. Qd6+ Kg8 41. Qd5+ Kf8 42. Nd7+ Ke7 43. Ne5 Qf2+ 1/2-1/2

[Event "FIDE WYCC Girls U14 2023"]
[Site "Montesilvano"]
[Date "2023.11.21"]
[Round "8.17"]
[White "Montano Vicente, Guadalupe"]
[Black "Rice, Leah"]
[Result "0-1"]
[ECO "D10"]
[WhiteElo "1794"]
[BlackElo "1499"]
[Annotator "NA RC"]
[PlyCount "86"]
[EventDate "2023.11.13"]
[EventType "swiss"]
[EventCountry "ITA"]
[SourceTitle "playchess.com"]
[Source "ChessBase"]
[SourceQuality "1"]
[TimeControl "40/5400+30:1800+30"]

1. d4 d5 2. c4 c6 3. cxd5 cxd5 4. Nc3 Nc6 5. Bf4 Nf6 6. e3 a6 7. Bd3 Bg4 8. Qb3 Nh5 9. Bg3 Nxg3 10. hxg3 e5 11. Qxd5 exd4 12. Qe4+ Be6 13. exd4 Qxd4 14. Nge2 Qb6 15. O-O O-O-O 16. Nf4 Kb8 17. Rab1 Bd6 18. Nxe6 fxe6 19. Na4 Qb4 20. a3 Qxe4 21. Bxe4 Nd4 22. Rfe1 Ka7 23. Rbd1 e5 24. Nc3 Rc8 25. Rd3 h6 26. Bd5 Rhf8 27. Re4 Rc7 28. Re1 Rc5 29. f4 Rcc8 30. fxe5 Bc5 31. Kh2 Rf5 32. e6 Rh5+ 33. Kg1 Nf3+ 34. Kf1 Rh1+ 35. Ke2 Nxe1 36. Rd1 Rg1 37. Rxe1 Rxe1+ 38. Kxe1 Bxa3 39. bxa3 Rxc3 40. Kd2 Rc5 41. Bb3 Rg5 42. Bc4 b5 43. Ba2 Kb6 0-1

[Event "FIDE WYCC Girls U14 2023"]
[Site "Montesilvano"]
[Date "2023.11.21"]
[Round "8.18"]
[White "Lorenz, Veronika"]
[Black "Nguyen, Thuy Linh"]
[Result "0-1"]
[ECO "B54"]
[WhiteElo "1791"]
[BlackElo "1398"]
[Annotator "NA RC"]
[PlyCount "60"]
[EventDate "2023.11.13"]
[EventType "swiss"]
[EventCountry "ITA"]
[SourceTitle "playchess.com"]
[Source "ChessBase"]
[SourceQuality "1"]
[TimeControl "40/5400+30:1800+30"]

1. e4 c5 2. Nf3 d6 3. d4 cxd4 4. Nxd4 Nf6 5. f3 a6 6. c4 e5 7. Nc2 Be7 8. Nc3 O-O 9. Be3 Be6 10. Be2 Nbd7 11. Qd2 Qc7 12. b3 Rfc8 13. Rc1 Nc5 14. O-O Rab8 15. Rfd1 b6 16. b4 Ncd7 17. c5 dxc5 18. Bxa6 Rd8 19. Nb5 Qc6 20. bxc5 Nxc5 21. Nb4 Qa8 22. Qc3 Nxa6 23. Nc6 Rxd1+ 24. Rxd1 Re8 25. Bxb6 Bf8 26. Nd8 Qb8 27. Qa5 Qxb6+ 28. Qxb6 Bc5+ 29. Kh1 Bxb6 30. Nb7 Nc5 0-1